 Dungeon Crawl Stone Soup version 0.27.1-33-g824d729ab1 (webtiles) character file.

Game seed: 12642375320037637096

129 spacecowboy273 the Cudgeller (level 4, -7/39 HPs)
             Began as a Minotaur Berserker on Dec 4, 2021.
             Was a Believer of Trog.
             Succumbed to a kobold brigand's curare-tipped dart
             ... in a sewer.
             The game lasted 00:03:30 (2833 turns).

spacecowboy273 the Cudgeller (Minotaur Berserker)   Turns: 2833, Time: 00:03:30

Health: -7/39      AC:  6    Str: 22    XL:     4   Next: 88%
Magic:  3/3        EV: 11    Int:  5    God:    Trog [**....]
Gold:   60         SH:  0    Dex:  9    Spells: 3/3 levels left

rFire    . . .     SeeInvis .   a - +0 mace
rCold    . . .     Faith    .   (no shield)
rNeg     . . .     Spirit   .   f - +0 ring mail
rPois    .         Reflect  .   (helmet restricted)
rElec    .         Harm     .   (no cloak)
rCorr    .         Rampage  .   g - +0 pair of gloves
Will     .....                  (no boots)
Stlth    ..........             (no amulet)
HPRegen  0.13/turn              (no ring)
MPRegen  0.08/turn              (no ring)

@: lethally poisoned (-7 -> -47), slowed, very slow
A: horns 2, retaliatory headbutt
a: Renounce Religion, Berserk, Trog's Hand


You were in a sewer.
You worshipped Trog.
Trog was pleased with you.
You visited 1 branch of the dungeon, and saw 3 of its levels.
You also visited: Sewer.

You collected 60 gold pieces.

Inventory:

Hand Weapons
 a - a +0 mace (weapon)
Armour
 b - a +0 animal skin
 f - a +0 ring mail (worn)
 g - a +0 pair of gloves (worn)
Magical Staves
 j - a staff of earth
Scrolls
 c - 3 scrolls of identify {unknown}
 d - a scroll of immolation {unknown}
 e - a scroll of magic mapping {unknown}
 i - a scroll of enchant weapon {unknown}
 n - a scroll of teleportation {unknown}
Potions
 h - a potion of mutation {unknown}
 k - a potion of heal wounds {unknown}
 l - a potion of haste {unknown}
 m - a potion of might {unknown}
 o - a potion of ambrosia {unknown}
 p - a potion of magic {unknown}


   Skills:
 - Level 3.6 Fighting
 + Level 6.8 Maces & Flails
 - Level 2.4 Armour
 - Level 2.1 Dodging


You had 3 spell levels left.
You didn't know any spells.
Your spell library was empty.

Dungeon Overview and Level Annotations

Branches:
Dungeon (3/15)              Sewer (1/1)

Altars:

Shops:
D:2 ?


Innate Abilities, Weirdness & Mutations

You have a pair of horns on your head.
You reflexively headbutt those who attack you in melee.


Message History

You enter the shallow water.
Moving in this stuff is going to be slow.
You enter the shallow water.
Moving in this stuff is going to be slow.
You enter the shallow water.
Moving in this stuff is going to be slow.
You enter the shallow water.
Moving in this stuff is going to be slow.
You enter the shallow water.
Moving in this stuff is going to be slow.
You enter the shallow water.
Moving in this stuff is going to be slow.
A worm and a kobold brigand come into view.
The kobold brigand is wielding a +0 dagger and quivering curare-tipped darts.
The kobold brigand shouts!
The kobold brigand throws a curare-tipped dart.
The curare-tipped dart hits you.
You are poisoned.
You have difficulty breathing.
You feel yourself slow down.
You feel very sick.
The kobold brigand throws a curare-tipped dart.
The curare-tipped dart hits you.
You are more poisoned.
You have difficulty breathing.
You feel as though you will be slow longer.
The kobold brigand throws a curare-tipped dart.
The curare-tipped dart hits you.
You are more poisoned.
You have difficulty breathing.
* * * LOW HITPOINT WARNING * * *
You feel as though you will be slow longer.
You are too injured to fight recklessly!
You are too injured to fight recklessly!
You are too injured to fight recklessly!
You are too injured to fight recklessly!
You are too injured to fight recklessly!
You are too injured to fight recklessly!
You are too injured to fight recklessly!
You are too injured to fight recklessly!
You die...

## ## #########
#. .# #.#.#.#.#
#≈ ≈#≈ K#
#≈#≈#≈#≈# #≈ ≈#w
≈# #≈#≈#≈#≈#
≈#≈#≈#≈#
#)#)#≈#≈# ≈≈≈ ≈≈≈
#≈≈≈#≈≈≈# #≈# #≈#
##≈###≈## #≈# #≈#
#≈# #≈# #≈###@#
#≈###≈# #≈≈.≈≈#
#.≈.≈≈# ##..≈##
##≈≈≈## #...#
#.≈≈# #≈.≈# #≈≈.#
#.≈.## ##.≈.#
#≈.≈.## ##..≈.#
#.≈≈.≈#####≈≈.≈≈#
##≈≈≈≈≈.≈≈≈≈≈≈.##


You could see a kobold brigand and a worm.

Vanquished Creatures
  Terence (D:3)
  A gnoll (D:1)
  4 adders
  A worm (D:3)
  A dart slug (D:2)
  7 ball pythons
  6 endoplasms
  4 giant cockroaches
  A goblin (D:1)
  4 hobgoblins
  3 jackals (D:1)
  A quokka (D:1)
  4 bats
  5 frilled lizards
  7 kobolds
  9 rats
59 creatures vanquished.

Vanquished Creatures (others)
  A frilled lizard (D:2)
1 creature vanquished.

Grand Total: 60 creatures vanquished

Notes
Turn   | Place    | Note
-------+----------+-------------------------------------------
     0 | D:1      | spacecowboy273 the Minotaur Berserker began the quest for
                  | the Orb.
     0 | D:1      | Reached XP level 1. HP: 19/19 MP: 0/0
    23 | D:1      | Reached skill level 4 in Maces & Flails
    63 | D:1      | Reached XP level 2. HP: 26/26 MP: 1/1
   639 | D:1      | Found a faded altar of an unknown god.
   790 | D:1      | Reached skill level 5 in Maces & Flails
   790 | D:1      | Reached XP level 3. HP: 25/31 MP: 2/2
  1076 | D:1      | Reached ** piety under Trog
  1749 | D:2      | Found Fyituhar's Magic Scroll Emporium.
  2252 | D:3      | Reached skill level 6 in Maces & Flails
  2252 | D:3      | Reached XP level 4. HP: 30/39 MP: 3/3
  2378 | D:3      | Noticed Terence
  2386 | D:3      | Killed Terence
  2639 | D:3      | Found a glowing drain.
  2676 | Sewer    | Entered a sewer
  2831 | Sewer    | Noticed a kobold brigand
  2833 | Sewer    | Succumbed to a kobold brigand's curare-tipped dart

Illustrated notes

Levels and vault maps discovered:
D:1:      giann_bridges, layout_basic, shapermc_ecumenical_altar_pompeii
D:2:      layout_basic, serial_shops, nicolae_diamond_shop, st_stairs_10
D:3:      layout_loops_ring, portal_sewer_entry_b, minmay_rat_hole,
          uniq_crazy_yiuf_cottage, uniq_terence
Sewer:    sewer_co_tree

Skill      XL: |  1  2  3 |
---------------+----------+-----
Maces & Flails | 4 5 6 |  6.8
Fighting       | |  3.6
Armour         | |  2.4
Dodging        | |  2.1

Action                   |  1- 3 |  4- 6 || total
-------------------------+-------+-------++-------
Melee: Mace              |    72 |    53 ||   125
       Headbutt          |    10 |     3 ||    13
Armor: Animal skin       |     6 |       ||     6
       Ring mail         |    16 |    13 ||    29
Dodge: Dodged            |    41 |    29 ||    70
